[ AOE2 MATCH · #480628582 ]
Team RMKoreans vs Vietnamese
[ REPLAY ANALYSIS · EXTRACTED FROM THE RECORDED GAME ]
Feudal
—
Castle
—
Imperial
—
| APM avg | 13.5 |
| APM peak | 44 |
| eAPM avg | 7.0 |
| Villagers / military | 23 / 0 |
Focus
⚔️ 3.9% · 🌾 96.1%
Fishing Ship ×12
Feudal
—
Castle
—
Imperial
—
| APM avg | 34.2 |
| APM peak | 108 |
| eAPM avg | 15.6 |
| Villagers / military | 22 / 0 |
Focus
⚔️ 26.3% · 🌾 73.7%
Fishing Ship ×10
Feudal
12:57
Castle
—
Imperial
—
| APM avg | 37.9 |
| APM peak | 67 |
| eAPM avg | 22.3 |
| Villagers / military | 25 / 0 |
Focus
⚔️ 25.6% · 🌾 74.4%
Fishing Ship ×13
Feudal
—
Castle
—
Imperial
—
| APM avg | 24.8 |
| APM peak | 42 |
| eAPM avg | 8.4 |
| Villagers / military | 24 / 0 |
Focus
⚔️ 18.1% · 🌾 81.9%
Fishing Ship ×8
Feudal
—
Castle
—
Imperial
—
| APM avg | 22.3 |
| APM peak | 69 |
| eAPM avg | 9.1 |
| Villagers / military | 40 / 0 |
Focus
⚔️ 8.8% · 🌾 91.2%
Fishing Ship ×5
Feudal
—
Castle
—
Imperial
—
| APM avg | 12.7 |
| APM peak | 31 |
| eAPM avg | 7.5 |
| Villagers / military | 19 / 0 |
Focus
⚔️ 6.2% · 🌾 93.8%
Fishing Ship ×8
Feudal
—
Castle
—
Imperial
—
| APM avg | 17.4 |
| APM peak | 36 |
| eAPM avg | 7.3 |
| Villagers / military | 21 / 0 |
Focus
⚔️ 2.6% · 🌾 97.4%
Feudal
12:42
Castle
—
Imperial
—
| APM avg | 34.7 |
| APM peak | 69 |
| eAPM avg | 17.7 |
| Villagers / military | 31 / 0 |
Focus
⚔️ 33.3% · 🌾 66.7%
Fishing Ship ×10
Match map
Initial resources + every placement click. Lines = walls · curves = elevation contours. ◆ gold · ⬟ stone · ● berries · ✦ relic · ◌ wall gap
Your base· Open — unwalled flank
MinorCloud9519's base· Open — unwalled flank
Nur's base· Open — unwalled flank
XcodeVeronica's base· Open — 9t gap
ufokinw0tm8's base· Open — 8t gap
Addictive's base· Open — 3t gap
XZ.Lumber.AX's base· Open — 2t gap
国产男子汉's base· Open — unwalled flank
Smoothed initial terrain · ◌ = detected wall gap · hover for details
Inputs per minute
— OldSchool - - MinorCloud9519
Build order — OldSchool
52 actions detected in the replay
| 0:27 | Build | Town Center |
| 0:47 | Build | House |
| 0:49 | Build | Dock |
| 2:44 | Create | Villager (Male) |
| 2:44 | Create | Villager (Male) |
| 2:44 | Create | Villager (Male) |
| 2:44 | Create | Villager (Male) |
| 2:45 | Create | Villager (Male) |
| 3:29 | Create | Villager (Male) |
| 3:30 | Create | Villager (Male) |
| 4:14 | Create | Villager (Male) |
| 4:14 | Create | Villager (Male) |
| 4:44 | Create | Fishing Ship |
| 4:59 | Build | House |
| 5:06 | Create | Villager (Male) |
| 5:44 | Create | Fishing Ship |
| 5:44 | Create | Fishing Ship |
| 6:03 | Create | Villager (Male) |
| 6:28 | Create | Fishing Ship |
| 6:36 | Build | House |
| 6:42 | Create | Villager (Male) |
| 6:59 | Create | Fishing Ship |
| 7:18 | Create | Villager (Male) |
| 7:26 | Create | Fishing Ship |
| 7:48 | Build | House |
| 7:49 | Create | Villager (Male) |
| 7:59 | Create | Fishing Ship |
| 8:19 | Create | Villager (Male) |
| 8:42 | Create | Villager (Male) |
| 8:49 | Create | Villager (Male) |
| 8:52 | Create | Fishing Ship |
| 9:27 | Build | Mining Camp |
| 9:37 | Create | Villager (Male) |
| 9:39 | Create | Villager (Male) |
| 9:47 | Build | House |
| 10:07 | Research | Loom |
| 10:08 | Create | Villager (Male) |
| 10:30 | Create | Fishing Ship |
| 10:56 | Build | Dock |
| 11:02 | Create | Villager (Male) |
| 11:03 | Create | Villager (Male) |
| 11:25 | Build | House |
| 11:28 | Build | House |
| 11:31 | Build | House |
| 11:33 | Build | House |
| 11:57 | Research | Feudal Age |
| 11:57 | Research | Feudal Age |
| 12:04 | Create | Fishing Ship |
| 12:21 | Build | Lumber Camp |
| 12:43 | Create | Villager (Male) |
| 12:59 | Create | Fishing Ship |
| 12:59 | Create | Fishing Ship |
Build order — MinorCloud9519
52 actions detected in the replay
| 0:19 | Build | Town Center |
| 0:22 | Build | House |
| 1:28 | Build | Dock |
| 2:55 | Create | Villager (Male) |
| 2:55 | Create | Villager (Male) |
| 2:55 | Create | Villager (Male) |
| 2:56 | Create | Villager (Male) |
| 2:56 | Create | Villager (Male) |
| 3:58 | Create | Fishing Ship |
| 3:58 | Create | Fishing Ship |
| 4:15 | Create | Villager (Male) |
| 4:15 | Create | Villager (Male) |
| 4:44 | Create | Fishing Ship |
| 4:56 | Build | House |
| 5:04 | Research | Loom |
| 5:20 | Create | Villager (Male) |
| 5:48 | Create | Villager (Male) |
| 5:49 | Create | Villager (Male) |
| 6:04 | Create | Fishing Ship |
| 6:04 | Create | Fishing Ship |
| 6:04 | Create | Fishing Ship |
| 6:23 | Create | Villager (Male) |
| 6:23 | Create | Villager (Male) |
| 6:30 | Build | House |
| 6:47 | Create | Villager (Male) |
| 6:56 | Create | Villager (Male) |
| 7:03 | Build | House |
| 7:32 | Create | Villager (Male) |
| 7:32 | Create | Fishing Ship |
| 8:02 | Create | Villager (Male) |
| 8:20 | Create | Villager (Male) |
| 8:22 | Create | Fishing Ship |
| 9:00 | Build | Lumber Camp |
| 9:04 | Create | Villager (Male) |
| 9:16 | Build | House |
| 9:28 | Create | Villager (Male) |
| 9:51 | Create | Villager (Male) |
| 9:53 | Create | Fishing Ship |
| 10:19 | Create | Villager (Male) |
| 10:43 | Create | Villager (Male) |
| 10:49 | Build | Mill |
| 11:05 | Build | Dock |
| 11:13 | Research | Feudal Age |
| 11:21 | Build | House |
| 11:22 | Build | House |
| 12:25 | Build | Mining Camp |
| 12:36 | Build | House |
| 12:42 | Build | House |
| 12:52 | Create | Fishing Ship |
| 13:08 | Build | Palisade Wall |
| 13:10 | Build | Palisade Wall |
| 13:12 | Build | Palisade Wall |
Build order — Nur
51 actions detected in the replay
| 0:23 | Build | Town Center |
| 0:33 | Build | House |
| 2:35 | Build | Dock |
| 2:39 | Create | Villager (Male) ×4 |
| 3:51 | Create | Fishing Ship |
| 3:51 | Create | Fishing Ship |
| 3:51 | Create | Fishing Ship |
| 3:51 | Create | Fishing Ship |
| 4:26 | Create | Fishing Ship |
| 4:58 | Create | Villager (Male) |
| 5:12 | Build | House |
| 5:13 | Build | House |
| 5:18 | Build | House |
| 5:33 | Create | Fishing Ship |
| 5:33 | Create | Fishing Ship |
| 5:56 | Create | Villager (Male) |
| 6:07 | Build | House |
| 6:25 | Create | Villager (Male) |
| 6:30 | Create | Fishing Ship |
| 6:31 | Create | Fishing Ship |
| 6:58 | Build | House |
| 7:14 | Build | House |
| 7:19 | Create | Villager (Male) |
| 7:26 | Create | Villager (Male) |
| 7:26 | Create | Villager (Male) |
| 7:42 | Create | Villager (Male) |
| 7:44 | Create | Fishing Ship |
| 8:03 | Create | Villager (Male) |
| 8:11 | Create | Fishing Ship |
| 8:12 | Create | Fishing Ship |
| 8:42 | Create | Fishing Ship |
| 8:43 | Create | Villager (Male) ×4 |
| 8:52 | Create | Villager (Male) |
| 9:07 | Create | Villager (Male) |
| 9:23 | Create | Villager (Male) |
| 9:37 | Build | Mining Camp |
| 9:39 | Create | Villager (Male) ×2 |
| 9:44 | Build | House |
| 9:57 | Create | Villager (Male) |
| 10:13 | Create | Villager (Male) |
| 10:20 | Build | House |
| 10:26 | Build | House |
| 10:47 | Research | Feudal Age |
| 10:54 | Build | Barracks |
| 11:53 | Build | Palisade Wall |
| 11:59 | Build | House |
| 12:57 | Age | Feudal Age |
| 12:59 | Build | Stable |
| 13:02 | Create | Villager (Male) |
| 13:02 | Create | Villager (Male) |
| 13:12 | Build | Mill |
Build order — XcodeVeronica
47 actions detected in the replay
| 0:04 | Build | Town Center |
| 2:38 | Create | Villager (Male) |
| 2:38 | Create | Villager (Male) |
| 2:38 | Create | Villager (Male) |
| 2:38 | Create | Villager (Male) |
| 2:42 | Build | House |
| 3:40 | Create | Villager (Male) |
| 4:27 | Create | Villager (Male) |
| 4:47 | Build | House |
| 5:05 | Create | Villager (Male) |
| 5:06 | Create | Villager (Male) |
| 5:44 | Build | Dock |
| 5:45 | Create | Villager (Male) |
| 5:45 | Create | Villager (Male) |
| 6:11 | Create | Villager (Male) |
| 6:23 | Create | Villager (Male) |
| 6:40 | Build | House |
| 6:50 | Create | Villager (Male) |
| 6:50 | Create | Villager (Male) |
| 6:57 | Create | Fishing Ship |
| 7:15 | Create | Villager (Male) |
| 7:55 | Build | House |
| 7:56 | Create | Villager (Male) |
| 7:57 | Create | Villager (Male) |
| 7:57 | Create | Villager (Male) |
| 8:02 | Create | Fishing Ship |
| 8:37 | Research | Loom |
| 8:44 | Create | Villager (Male) |
| 8:45 | Create | Villager (Male) |
| 8:45 | Create | Villager (Male) |
| 9:23 | Build | Lumber Camp |
| 9:33 | Create | Fishing Ship |
| 9:40 | Create | Villager (Male) |
| 10:08 | Create | Villager (Male) |
| 10:15 | Create | Fishing Ship |
| 10:47 | Create | Villager (Male) |
| 10:49 | Build | House |
| 10:56 | Build | House |
| 10:57 | Build | House |
| 11:02 | Create | Fishing Ship |
| 11:32 | Research | Feudal Age |
| 11:33 | Create | Fishing Ship |
| 11:56 | Build | Barracks |
| 12:38 | Create | Fishing Ship |
| 12:56 | Build | House |
| 13:02 | Build | Mining Camp |
| 13:07 | Create | Fishing Ship |
Build order — ufokinw0tm8
55 actions detected in the replay
| 0:05 | Build | Town Center |
| 0:20 | Build | House |
| 1:48 | Build | House |
| 2:34 | Build | Dock |
| 2:37 | Create | Villager (Male) |
| 2:38 | Create | Villager (Male) |
| 2:38 | Create | Villager (Male) |
| 2:38 | Create | Villager (Male) |
| 2:38 | Create | Villager (Male) |
| 3:54 | Create | Villager (Male) |
| 3:55 | Create | Villager (Male) |
| 3:55 | Create | Villager (Male) |
| 4:13 | Create | Villager (Male) |
| 4:13 | Create | Villager (Male) |
| 4:13 | Create | Villager (Male) |
| 4:48 | Create | Villager (Male) |
| 5:11 | Create | Villager (Male) |
| 5:11 | Create | Villager (Male) |
| 5:11 | Create | Villager (Male) |
| 5:57 | Create | Villager (Male) |
| 5:57 | Create | Villager (Male) |
| 5:58 | Create | Villager (Male) |
| 6:23 | Create | Villager (Male) |
| 6:38 | Build | Settlement |
| 6:41 | Create | Villager (Male) |
| 6:42 | Create | Villager (Male) |
| 6:42 | Create | Villager (Male) |
| 6:55 | Create | Fishing Ship |
| 7:11 | Research | Loom |
| 7:13 | Create | Villager (Male) |
| 7:13 | Create | Villager (Male) |
| 7:13 | Create | Villager (Male) |
| 7:46 | Create | Villager (Male) |
| 7:47 | Create | Villager (Male) |
| 7:47 | Create | Villager (Male) |
| 8:21 | Create | Villager (Male) |
| 8:22 | Create | Villager (Male) |
| 8:22 | Create | Villager (Male) |
| 8:26 | Create | Fishing Ship |
| 8:35 | Create | Villager (Male) |
| 8:46 | Build | Settlement |
| 9:10 | Create | Villager (Male) |
| 9:44 | Create | Villager (Male) |
| 9:46 | Create | Villager (Male) |
| 9:50 | Create | Fishing Ship |
| 10:25 | Create | Villager (Male) |
| 10:40 | Create | Villager (Male) |
| 10:40 | Create | Villager (Male) |
| 10:40 | Create | Villager (Male) |
| 10:47 | Create | Fishing Ship |
| 11:01 | Build | Settlement |
| 11:13 | Build | House |
| 12:02 | Build | Barracks |
| 12:08 | Create | Villager (Male) |
| 12:27 | Create | Fishing Ship |
Build order — Addictive
42 actions detected in the replay
| 0:37 | Build | Town Center |
| 1:14 | Build | Dock |
| 1:16 | Build | House |
| 1:17 | Build | House |
| 3:01 | Create | Villager (Male) |
| 3:01 | Create | Villager (Male) |
| 3:01 | Create | Villager (Male) |
| 3:35 | Create | Villager (Male) |
| 3:36 | Research | Loom |
| 4:10 | Create | Villager (Male) |
| 5:08 | Create | Villager (Male) |
| 5:53 | Create | Villager (Male) |
| 5:54 | Create | Villager (Male) |
| 6:15 | Create | Fishing Ship |
| 6:51 | Create | Villager (Male) |
| 6:52 | Create | Villager (Male) |
| 6:52 | Create | Villager (Male) |
| 6:52 | Create | Villager (Male) |
| 7:58 | Build | House |
| 8:51 | Create | Villager (Male) |
| 9:06 | Create | Fishing Ship |
| 9:41 | Create | Fishing Ship |
| 9:49 | Build | Mill |
| 9:51 | Create | Villager (Male) |
| 9:53 | Create | Villager (Male) |
| 10:10 | Build | House |
| 10:11 | Build | House |
| 10:12 | Build | House |
| 10:31 | Create | Villager (Male) |
| 10:38 | Create | Fishing Ship |
| 10:38 | Create | Fishing Ship |
| 10:59 | Create | Fishing Ship |
| 11:34 | Create | Villager (Male) |
| 11:39 | Create | Fishing Ship |
| 11:46 | Build | House |
| 11:46 | Build | House |
| 11:48 | Build | House |
| 12:10 | Create | Villager (Male) |
| 12:24 | Create | Villager (Male) |
| 12:29 | Create | Fishing Ship |
| 13:03 | Build | Lumber Camp |
| 13:04 | Research | Feudal Age |
Build order — XZ.Lumber.AX
35 actions detected in the replay
| 0:29 | Build | Town Center |
| 2:39 | Build | House |
| 2:40 | Build | House |
| 2:48 | Research | Loom |
| 2:48 | Create | Villager (Male) |
| 2:48 | Create | Villager (Male) |
| 3:21 | Create | Villager (Male) |
| 3:42 | Create | Villager (Male) |
| 4:09 | Build | Lumber Camp |
| 4:13 | Create | Villager (Male) |
| 5:16 | Create | Villager (Male) |
| 5:47 | Create | Villager (Male) |
| 5:47 | Create | Villager (Male) |
| 6:08 | Build | Mill |
| 6:17 | Create | Villager (Male) |
| 6:48 | Create | Villager (Male) |
| 7:17 | Build | House |
| 7:24 | Create | Villager (Male) |
| 7:55 | Create | Villager (Male) |
| 7:55 | Create | Villager (Male) |
| 8:25 | Create | Villager (Male) |
| 8:26 | Create | Villager (Male) |
| 8:26 | Create | Villager (Male) |
| 8:26 | Create | Villager (Male) |
| 9:21 | Create | Villager (Male) |
| 9:24 | Build | House |
| 9:53 | Create | Villager (Male) |
| 10:35 | Create | Villager (Male) |
| 10:53 | Build | House |
| 11:08 | Create | Villager (Male) |
| 11:25 | Build | Mill |
| 11:36 | Research | Feudal Age |
| 11:51 | Build | Palisade Wall |
| 12:12 | Build | Mining Camp |
| 12:41 | Build | House |
Build order — 国产男子汉
59 actions detected in the replay
| 0:30 | Build | Town Center |
| 1:00 | Build | Dock |
| 1:02 | Build | House |
| 2:44 | Create | Villager (Male) |
| 2:44 | Create | Villager (Male) |
| 2:44 | Create | Villager (Male) |
| 3:28 | Create | Villager (Male) |
| 3:28 | Create | Villager (Male) |
| 3:51 | Create | Fishing Ship |
| 3:51 | Create | Fishing Ship |
| 4:08 | Create | Villager (Male) |
| 4:09 | Create | Villager (Male) |
| 4:39 | Build | House |
| 4:51 | Create | Villager (Male) |
| 4:51 | Create | Villager (Male) |
| 5:16 | Create | Fishing Ship |
| 5:16 | Create | Fishing Ship |
| 5:26 | Create | Villager (Male) |
| 5:26 | Create | Villager (Male) |
| 6:03 | Create | Villager (Male) |
| 6:03 | Create | Villager (Male) |
| 6:19 | Create | Fishing Ship |
| 6:35 | Create | Villager (Male) |
| 6:39 | Build | House |
| 7:12 | Create | Fishing Ship |
| 7:13 | Create | Villager (Male) |
| 7:19 | Build | House |
| 7:38 | Create | Villager (Male) |
| 7:54 | Create | Fishing Ship |
| 8:22 | Create | Villager (Male) |
| 8:22 | Create | Villager (Male) |
| 8:34 | Create | Fishing Ship |
| 8:51 | Create | Villager (Male) |
| 9:21 | Build | Mill |
| 9:27 | Create | Villager (Male) |
| 9:28 | Research | Loom |
| 9:28 | Research | Loom |
| 9:38 | Create | Fishing Ship |
| 9:38 | Create | Fishing Ship |
| 9:54 | Create | Villager (Male) |
| 9:54 | Create | Villager (Male) |
| 9:56 | Create | Villager (Male) |
| 9:56 | Create | Villager (Male) |
| 10:02 | Build | House |
| 10:18 | Create | Villager (Male) |
| 10:19 | Create | Villager (Male) |
| 10:19 | Create | Villager (Male) |
| 10:32 | Research | Feudal Age |
| 10:38 | Build | House |
| 11:20 | Build | Mining Camp |
| 12:41 | Create | Villager (Male) |
| 12:41 | Create | Villager (Male) |
| 12:42 | Age | Feudal Age |
| 13:12 | Build | Market |
| 13:13 | Build | Market |
| 13:14 | Build | Market |
| 13:16 | Build | Blacksmith |
| 13:26 | Create | Villager (Male) |
| 13:33 | Create | Villager (Male) |
Match timeline
| 0:49 | OldSchool · first_building Dock |
| 1:00 | 国产男子汉 · first_building Dock |
| 1:14 | Addictive · first_building Dock |
| 1:28 | MinorCloud9519 · first_building Dock |
| 2:34 | ufokinw0tm8 · first_building Dock |
| 2:35 | Nur · first_building Dock |
| 5:44 | XcodeVeronica · first_building Dock |
| 10:54 | Nur · first_building Barracks |
| 11:51 | XZ.Lumber.AX · wall_segment Palisade Wall x6 |
| 11:53 | Nur · wall_segment Palisade Wall x3 |
| 11:56 | XcodeVeronica · first_building Barracks |
| 12:02 | ufokinw0tm8 · first_building Barracks |
| 12:42 | 国产男子汉 · age_up feudal |
| 12:57 | Nur · age_up feudal |
| 12:59 | Nur · first_building Stable |
| 13:08 | MinorCloud9519 · wall_segment Palisade Wall x1 |
| 13:09 | ufokinw0tm8 · resign |
| 13:10 | MinorCloud9519 · wall_segment Palisade Wall x1 |
| 13:12 | MinorCloud9519 · wall_segment Palisade Wall x1 |
[ AI ANALYSIS · 1 CREDIT ]
What really happened in this match?
Wolo.gg analyzes every decision: build order, eco, micro, common mistakes by bracket. Personalized analysis on WhatsApp or Discord in 30 seconds.
Civ guide
Koreans
Map guide
Nomad
Perfil
OldSchool